 Dungeon Crawl Stone Soup version 0.31-a0-1589-g8f5e8aebd6 (webtiles) character file.

Game seed: 437430028314328529

17301 Lobster4 the Marksminotaur (level 12, -3/100 HPs)
             Began as a Minotaur Hunter on Jan 5, 2024.
             Was a Priest of Hepliaklqana.
             Hit by a large rock thrown by a stone giant (33 damage)
             ... on level 10 of the Dungeon.
             The game lasted 00:38:49 (10264 turns).

Lobster4 the Marksminotaur (Minotaur Hunter)       Turns: 10264, Time: 00:38:50

Health: -3/100     AC: 10    Str: 17    XL:     12   Next: 17%
Magic:  16/16      EV: 13    Int:  6    God:    Hepliaklqana [***...]
Gold:   405        SH:  0    Dex: 18    Spells: 18/18 levels left

rFire   . . .        a - +2 shortbow (freeze)
rCold   . . .        (shield currently unavailable)
rNeg    . . .        v - +0 steam dragon scales
rPois   +            (helmet restricted)
rElec   .            c - +1 cloak {rPois}
rCorr   .            l - +0 pair of gloves
SInv    .            J - +0 pair of boots
Will    .....        d - amulet of magic regeneration
Stlth   ++           s - +4 ring of slaying
HPRegen 0.36/turn    (no ring)
MPRegen 0.55/turn

%: no passive effects
@: about to teleport
A: reduced essence, horns 2, retaliatory headbutt
a: Renounce Religion, Recall Ancestor, Ancestor Identity, Transference


You were on level 10 of the Dungeon.
You worshipped Hepliaklqana.
Hepliaklqana was most pleased with you.
You visited 2 branches of the dungeon, and saw 11 of its levels.
You also visited: Sewer and Bailey.

You collected 728 gold pieces.
You spent 323 gold pieces at shops.

Inventory:

Hand Weapons
 a - a +2 shortbow of freezing (weapon)
 k - a +1 hammer of holy wrath
 r - a +3 war axe
 y - a +2 hand axe of flaming
 z - a +2 dagger of venom
 A - a +0 orcbow
 B - a +0 rapier
 D - a +0 shortbow of freezing
 K - the +5 morningstar "Baxiodgha" {spect, rF+}
   (You found it on level 9 of the Dungeon)

   rF+:       It protects you from fire.
 L - a +3 falchion
 P - a +0 quarterstaff of freezing
 R - a +7 long sword
Missiles
 f - 8 poisoned darts
Armour
 c - a +1 cloak of poison resistance (worn)
 l - a +0 pair of gloves (worn)
 v - +0 steam dragon scales (worn)
 C - a +1 leather armour of cold resistance
 J - a +0 pair of boots (worn)
Jewellery
 b - a +4 ring of slaying
 d - an amulet of magic regeneration (around neck)
 s - a +4 ring of slaying (left hand)
 O - a ring of ice
Wands
 Q - a wand of roots (4)
Scrolls
 j - 2 scrolls of teleportation
 q - 2 scrolls of amnesia
 w - 4 scrolls of noise
 x - a scroll of fog
 E - a scroll of brand weapon
 H - a scroll of enchant armour {unknown}
 I - a scroll of revelation
 M - a scroll of vulnerability
Potions
 e - 2 potions of lignification
 g - 2 potions of attraction
 h - a potion of haste
 m - 4 potions of mutation
 n - 2 potions of magic
 o - 6 potions of curing
 p - 2 potions of enlightenment
 t - 3 potions of brilliance
 u - a potion of berserk rage
 F - a potion of resistance
 N - 2 potions of invisibility {unknown}
Miscellaneous
 G - a phial of floods (inert)


   Skills:
 + Level 12.1 Fighting
 * Level 15.7 Ranged Weapons
 - Level 1.0 Throwing
 - Level 4.0 Armour
 + Level 3.4 Dodging
 - Level 1.0 Stealth
 - Level 3.5 Spellcasting
 - Level 3.1 Conjurations
 + Level 2.3 Translocations
 - Level 5.0 Invocations
 - Level 3.0 Evocations


You had 18 spell levels left.
You didn't know any spells.
Your spell library contained the following spells:

 Spells                   Type           Power      Damage    Failure   Level
 Freeze                   Ice            4%         1d3       34%         1
 Ensorcelled Hibernation  Hex/Ice        2%         N/A       47%         2
 Jinxbite                 Hex            2%         N/A       47%         2
 Scorch                   Fire           2%         2d5       47%         2
 Hailstorm                Conj/Ice       2%         3d5       50%         3
 Call Canine Familiar     Summ           1%         N/A       71%         3
 Frozen Ramparts          Ice            2%         1d1       71%         3
 Passwall                 Erth           1%         N/A       71%         3
 Sigil of Binding         Hex            1%         N/A       71%         3
 Swiftness                Air            1%         N/A       71%         3
 Passage of Golubria      Tloc           3%         N/A       78%         4
 Flame Wave               Conj/Fire      2%         2d4       88%         4
 Dimensional Bullseye     Hex/Tloc       1%         N/A       91%         4
 Anguish                  Hex/Necr       0%         N/A       98%         4
 Cause Fear               Hex            0%         N/A       98%         4
 Silence                  Hex/Air        0%         N/A       100%        5
 Yara's Violent Unravell  Hex/Alch       0%         3d3       100%        5
 Summon Cactus Giant      Summ           0%         N/A       100%        6
 Enfeeble                 Hex            0%         N/A       100%        7
 Lehudib's Crystal Spear  Conj/Erth      1%         10d2      100%        8


Dungeon Overview and Level Annotations

Branches:
Dungeon (10/15)            Temple (1/1) D:4             Orc (0/2) D:10
  Sewer (visited)          Bailey (visited)
   Lair: D:8-11

Altars:
Ashenzari
Cheibriados
Dithmenos
Elyvilon
Fedhas
Gozag
Hepliaklqana
Kikubaaqudgha
Makhleb
Nemelex Xobeh
Okawaru
Qazlal
Ru
Sif Muna
Trog
Uskayaw
Vehumet
Wu Jian
Xom
Yredelemnul
Zin
The Shining One

Shops:
D:4 (!*   D:6 =   D:7 (

Annotations:
D:4 1 runed translucent door, 1 exclusion, Crazy Yiuf
D:5 1 runed translucent door, zeez's ghost, weakling SpDe
D:9 3 runed translucent doors, Laraso's ghost, journeyman FoFi


Innate Abilities, Weirdness & Mutations

Your life essence is reduced to manifest your ancestor. (-10% HP)
You have a pair of horns on your head.
You reflexively headbutt those who attack you in melee.


Message History

Nindada emerges from the mists of memory!
You start resting.
A large rock appears from out of your range of vision.
The large rock hits Nindada!!
You start resting.
A stone giant comes into view.
Nindada hits the stone giant but does no damage.
As you read the scroll of teleportation, it crumbles to dust.
You feel strangely unstable.
The stone giant hits Nindada!!
Nindada is destroyed!
You shoot an arrow. The arrow hits the stone giant.
The arrow freezes the stone giant.
The stone giant is lightly wounded.
You shoot an arrow.
The arrow completely misses the stone giant.
The stone giant hits you but does no damage.
You shoot an arrow. The arrow hits the stone giant!
The arrow freezes the stone giant.
The stone giant is lightly wounded.
You shoot an arrow.
The arrow hits the stone giant but does no damage.
The stone giant is lightly wounded.
The stone giant hits you!!!
* * * LOW HITPOINT WARNING * * *
You hear a bellow!
You are too injured to fight recklessly!
You feel better.
Your surroundings suddenly seem different.
As you read the scroll of fog, it dissolves into smoke.
What are your orders? t - Shout!
Orders for allies: a - Attack new target. p - Attack previous target. r - Retreat! s - Stop attacking. g - Guard the area. f - Follow me.
Anything else - Cancel.
Okay, then.
As you read the scroll of teleportation, it crumbles to dust.
You feel strangely unstable.
The stone giant throws a large rock.
The large rock hits you!!
You die...

## # #. #. #.#####
###.#.. ..##.##
....#..####.#.§§##
####....##....§§§#
.............§C§@#
##...)..†)....#§§#
.#.........##.####
...........####
............###
.........#....##
..#......#.....#
.###............#
###..>...###..###


You could see a stone giant.

Vanquished Creatures
  Josephine (D:10)
  Fannar (D:10)
  A lindwurm (shapeshifter) (D:10)
  2 orc knights (Bailey)
  2 deep elf pyromancers (D:10)
  A deep elf zephyrmancer (D:10)
  2 hornets
  Sigmund (D:5)
  16 yaks
  3 wraiths (D:10)
  3 steam dragons
  Duvessa (D:5)
  2 water moccasins
  2 ice beasts
  7 orc warriors
  A sky beast (D:7)
  Pargi (Sewer)
  2 ogres
  3 centaurs
  A phantom (D:5)
  A kobold brigand (D:8)
  2 gnoll sergeants (D:9)
  2 bullfrogs (D:7)
  3 scorpions
  5 wights (D:6)
  Dowan (D:5)
  2 howler monkeys
  5 killer bees
  A jelly (D:5)
  2 hounds
  6 orc priests
  3 orc wizards
  2 sleepcaps
  An iguana (D:5)
  4 adders
  9 gnolls
  3 white imps
  3 dart slugs
  A ribbon worm (D:5)
  30 orcs
  11 ball pythons
  9 endoplasms
  4 giant cockroaches
  20 goblins
  15 hobgoblins
  14 jackals
  14 kobolds
  5 quokkas
  A frilled lizard (D:1)
  7 rats
239 creatures vanquished.

Vanquished Creatures (collateral kills)
  Urug (D:10)
  A deep elf pyromancer (D:10)
  A komodo dragon (D:8)
  A yak (D:8)
  2 wraiths
  A steam dragon (D:10)
  An orc warrior (D:7)
  2 killer bees
  A howler monkey (D:6)
  A sleepcap (D:7)
  3 gnolls
  2 ufetubi (D:6)
  2 orcs
  A hobgoblin (Bailey)
  3 kobolds (D:8)
23 creatures vanquished.

Vanquished Creatures (others)
  An ancestor (D:6)
  7 knights
8 creatures vanquished.

Grand Total: 270 creatures vanquished

Notes
Turn   | Place    | Note
-------+----------+-------------------------------------------
     0 | D:1      | Lobster4 the Minotaur Hunter began the quest for the Orb.
     0 | D:1      | Reached XP level 1. HP: 18/18 MP: 0/0
   106 | D:1      | Reached skill level 1 in Stealth
   112 | D:1      | Reached XP level 2. HP: 25/25 MP: 1/1
   265 | D:1      | Reached skill level 1 in Armour
   854 | D:2      | Reached XP level 3. HP: 30/30 MP: 2/2
  1027 | D:2      | Reached skill level 5 in Ranged Weapons
  1245 | D:2      | Noticed an ogre
  1249 | D:2      | Killed an ogre
  1250 | D:2      | Reached skill level 1 in Throwing
  1250 | D:2      | Reached XP level 4. HP: 38/38 MP: 3/3
  1545 | D:3      | Found a stormy altar of Qazlal.
  1718 | D:3      | Reached XP level 5. HP: 45/45 MP: 4/4
  1724 | D:3      | Found a broken altar of Ashenzari.
  1846 | D:3      | Found an ancient bone altar of Kikubaaqudgha.
  1898 | D:3      | Reached skill level 6 in Ranged Weapons
  2007 | D:3      | Found a faded altar of an unknown god.
  2010 | D:3      | Found a sacrificial altar of Ru.
  2133 | D:4      | Found a runed translucent door.
  2134 | D:4      | Noticed Crazy Yiuf
  2233 | D:4      | Found a staircase to the Ecumenical Temple.
  2242 | Temple   | Entered the Ecumenical Temple
  2256 | Temple   | Became a worshipper of Hepliaklqana the Forgotten
  2508 | D:4      | Found Kyaggy's Antique Weapon Shoppe.
  2518 | D:4      | Reached skill level 1 in Invocations
  2518 | D:4      | Reached XP level 6. HP: 41/52 MP: 5/5
  2596 | D:4      | Found Polu's General Store.
  2607 | D:4      | Found Ejelaim's Distillery.
  2617 | D:4      | Bought a potion of heal wounds for 50 gold pieces
  2617 | D:4      | Bought a potion of curing for 30 gold pieces
  3017 | D:5      | Entered Level 5 of the Dungeon
  3032 | D:5      | Found a runed translucent door.
  3033 | D:5      | Noticed zeez's ghost (weakling SpDe)
  3062 | D:5      | Noticed a steam dragon
  3097 | D:5      | Killed a steam dragon
  3098 | D:5      | Reached skill level 7 in Ranged Weapons
  3150 | D:5      | Noticed Duvessa
  3150 | D:5      | Noticed Dowan
  3251 | D:5      | Noticed Sigmund
  3259 | D:5      | Killed Sigmund
  3260 | D:5      | Reached skill level 5 in Fighting
  3260 | D:5      | Reached XP level 7. HP: 61/61 MP: 7/7
  3365 | D:5      | Reached skill level 8 in Ranged Weapons
  3409 | D:5      | Killed Duvessa
  3444 | D:5      | Killed Dowan
  3552 | D:5      | Found a glowing drain.
  3562 | Sewer    | Entered a sewer
  3649 | Sewer    | Noticed Pargi
  3663 | Sewer    | Killed Pargi
  3664 | Sewer    | Reached XP level 8. HP: 56/70 MP: 9/9
  3928 | D:5      | Reached skill level 9 in Ranged Weapons
  4023 | D:5      | Reached * piety under Hepliaklqana
  4773 | D:6      | Found Cifearphopn's Jewellery Shop.
  5072 | D:6      | Reached ** piety under Hepliaklqana
  5073 | D:6      | Remembered your ancestor Nindada as a knight
  5485 | D:6      | Reached skill level 10 in Ranged Weapons
  5936 | D:7      | Reached XP level 9. HP: 71/71 MP: 11/11
  6240 | D:7      | Reached skill level 5 in Invocations
  6592 | D:7      | Reached skill level 11 in Ranged Weapons
  6760 | D:7      | Found Odimihul's Hydra Hut.
  6764 | D:7      | Noticed a seven-headed hydra
  6823 | D:7      | Bought a +2 shortbow of freezing for 243 gold pieces
  6937 | D:8      | Found a flagged portal.
  6964 | Bailey   | Entered a bailey
  7061 | Bailey   | Noticed an orc knight
  7074 | Bailey   | Reached skill level 1 in Spellcasting
  7074 | Bailey   | Reached skill level 1 in Evocations
  7083 | Bailey   | Killed an orc knight
  7251 | Bailey   | Noticed an orc knight
  7365 | Bailey   | Killed an orc knight
  7366 | Bailey   | Reached XP level 10. HP: 58/81 MP: 12/12
  7560 | Bailey   | Noticed an orc warlord
  7833 | D:8      | Acquired a +4 ring of slaying
  7867 | D:8      | Reached skill level 12 in Ranged Weapons
  7877 | D:8      | Reached skill level 10 in Fighting
  7877 | D:8      | Reached skill level 13 in Ranged Weapons
  7877 | D:8      | Reached XP level 11. HP: 90/90 MP: 12/15
  8064 | D:8      | Reached *** piety under Hepliaklqana
  8156 | D:8      | Reached skill level 14 in Ranged Weapons
  8439 | D:9      | Found a glowing silver altar of Zin.
  8632 | D:9      | Identified the +5 morningstar "Baxiodgha" {spect, rF+}
  8766 | D:9      | Found a runed translucent gate.
  8767 | D:9      | Found a runed translucent gate.
  8767 | D:9      | Noticed Laraso's ghost (journeyman FoFi)
  8769 | D:9      | Found a runed translucent gate.
  9091 | D:9      | Identified the +0 robe "Lofaib" {MP+9 Dex+4}
  9120 | D:10     | Entered Level 10 of the Dungeon
  9120 | D:10     | Noticed a lindwurm
  9140 | D:10     | Noticed Josephine
  9390 | D:10     | Killed a lindwurm
  9535 | D:10     | Killed Josephine
  9536 | D:10     | Reached skill level 15 in Ranged Weapons
  9550 | D:10     | Reached skill level 1 in Translocations
  9565 | D:10     | Noticed Urug
  9881 | D:10     | Noticed Fannar
  9912 | D:10     | Killed Fannar
  9958 | D:10     | Noticed a deep elf pyromancer
  9965 | D:10     | Killed a deep elf pyromancer
  9967 | D:10     | Found a staircase to the Orcish Mines.
  9977 | D:10     | Noticed a deep elf pyromancer
  9984 | D:10     | Killed a deep elf pyromancer
  9985 | D:10     | Reached XP level 12. HP: 100/100 MP: 16/16
 10025 | D:10     | Killed Urug
 10256 | D:10     | Noticed a stone giant
 10264 | D:10     | Hit by a large rock thrown by a stone giant

Illustrated notes

Levels and vault maps discovered:
D:1:      elethiomel_arrival_quiet, layout_rooms,
          chequers_serial_rivers_small_a, minmay_tree_intersection,
          minmay_tetromino_l4
D:2:      layout_basic
D:3:      layout_basic, mainiacjoe_overflow_small_starburst,
          nicolae_overflow_ecumenical_swirl, mainiacjoe_overflow_catch_the_wave
D:4:      layout_rooms, minmay_temple_entry_tees, serial_shops,
          nicolae_lakefront_shop, nicolae_shop_statue_plus,
          nicolae_shop_tiny_statue_garden, hellmonk_no_cap,
          uniq_crazy_yiuf_cottage
D:5:      layout_loops_corners, ebering_ghost_sewer_d,
          cheibrodos_sewer_entry_drain, minmay_checkerbox, uniq_sigmund,
          uniq_duvessa
D:6:      layout_layer_cave, serial_shops, nicolae_shop_gaudy_bauble
D:7:      layout_rooms, doesnt_shop_hydraphobe
D:8:      layout_loops_ring, enter_bailey_7
D:9:      layout_small_grid, mainiacjoe_overflow_boulevard,
          biasface_ghost_orc_armoury
D:10:     layout_cave_pools, orc_0_dummy, minivault_21, nicolae_rejected_hall,
          uniq_fannar, uniq_josephine, uniq_urug
Temple:   bh_familiar_temple

Skill      XL: |  1  2  3  4  5  6  7  8  9 10 11 12 |
---------------+-------------------------------------+-----
Stealth        | 1 |  1.0
Armour         | 1 2 3 4 |  4.0
Ranged Weapons | 5 6 7 8 10 11 13 15 | 15.7
Fighting       | 3 4 5 6 7 8 10 11 12 | 12.1
Throwing       | 1 |  1.0
Invocations    | 1 2 3 4 5 |  5.0
Spellcasting   | 1 3 |  3.5
Evocations     | 2 3 |  3.0
Conjurations   | 3 |  3.1
Translocations | 2 |  2.3
Dodging        | 3 |  3.4

Action                     |  1- 3 |  4- 6 |  7- 9 | 10-12 || total
---------------------------+-------+-------+-------+-------++-------
   Fire: Shortbow          |    77 |   139 |   393 |   366 ||   975
  Throw: Dart              |       |    15 |    23 |     7 ||    45
 Invoke: Ancestor Life: Kn |       |       |     1 |       ||     1
         Recall Ancestor   |       |       |     2 |     1 ||     3
  Evoke: Phial of floods   |       |       |     2 |     1 ||     3
         Wand              |       |       |     6 |       ||     6
    Use: Scroll            |       |     6 |    14 |    11 ||    31
         Potion            |       |       |     2 |     6 ||     8
 Armour: Leather armour    |     2 |       |       |       ||     2
         Ring mail         |     8 |    41 |       |       ||    49
         Steam dragon scal |       |       |   115 |    86 ||   201
  Dodge: Dodged            |     8 |    30 |    81 |    55 ||   174

Table legend: (Time is in decaauts)
 A = Elapsed time spent in this place.
 B = Non-inter-level travel time spent in this place.
 C = Inter-level travel time spent in this place.
 D = Time resting spent in this place.
 E = Time spent auto-exploring this place.
 F = Levels seen in this place.
 G = Mean time per level.
                   A        B        C        D        E       F      G
               +--------+--------+--------+--------+--------+-----+--------+
         Total |  10183 |   9616 |    567 |   1569 |   5622 |  13 |  783.3 |
       Dungeon |   9279 |   8737 |    542 |   1386 |   5448 |  10 |  927.9 |
        Temple |     27 |      2 |     25 |      0 |      0 |   1 |   27.0 |
         Sewer |    199 |    199 |      0 |     33 |     95 |   1 |  199.0 |
        Bailey |    676 |    676 |      0 |    149 |     78 |   1 |  676.0 |
               +--------+--------+--------+--------+--------+-----+--------+

Top non-repeatable levels by time:
     D:6: 1552 daAuts
     D:9: 1356 daAuts
     D:5: 1327 daAuts
     D:2: 976 daAuts
     D:4: 898 daAuts
     D:8: 725 daAuts
     D:3: 708 daAuts
  Bailey: 676 daAuts
     D:7: 653 daAuts
     D:1: 547 daAuts
    D:10: 535 daAuts
   Sewer: 199 daAuts
  Temple: 27 daAuts
